 Dungeon Crawl Stone Soup version 0.30.0-15-g856e2d3f33 (webtiles) character file.

Game seed: 17173643522067488023

145 avis the Chiller (level 5, 0/41 HPs)
             Began as a Barachi Ice Elementalist on May 19, 2023.
             Slain by Grinder (4 damage)
             ... on level 3 of the Dungeon.
             The game lasted 00:14:38 (2586 turns).

avis the Chiller (Barachi Ice Elementalist)         Turns: 2586, Time: 00:14:39

Health: 0/41       AC:  8    Str:  9    XL:     5   Next: 27%
Magic:  1/9        EV: 13    Int: 16    God:
Gold:   156        SH:  0    Dex: 14    Spells: 3/10 levels left

rFire   . . .        t - +0 falchion
rCold   . . .        (no shield)
rNeg    . . .        a - +0 robe
rPois   .            (no helmet)
rElec   .            (no cloak)
rCorr   .            (no gloves)
SInv    .            (no boots)
Will    .....        (no amulet)
Stlth   ++           (no ring)
HPRegen 0.26/turn    (no ring)
MPRegen 0.11/turn

%: no passive effects
@: ice-armoured, freezing walls, slow
A: amphibious, slowness 1, strong legs 1, +LOS
a: Hop


You were on level 3 of the Dungeon.
You visited 1 branch of the dungeon, and saw 3 of its levels.

You collected 156 gold pieces.

Inventory:

Hand Weapons
 g - a +0 short sword
 t - a +0 falchion (weapon)
Missiles
 o - 6 poisoned darts
Armour
 a - a +0 robe (worn)
 c - an orb of guile
Magical Staves
 p - a staff of air
Scrolls
 i - a scroll of enchant armour {unknown}
 j - a scroll of fog {unknown}
 k - 2 scrolls of identify {unknown}
 m - a scroll of blinking {unknown}
 n - 2 scrolls of teleportation {unknown}
 s - a scroll of fear {unknown}
 u - 2 scrolls of poison {unknown}
Potions
 b - a potion of magic
 d - a potion of mutation {unknown}
 e - a potion of berserk rage {unknown}
 f - a potion of might
 h - a potion of curing
 l - a potion of flight {unknown}
 q - a potion of lignification {unknown}
 r - a potion of resistance {unknown}


   Skills:
 - Level 3.0 Fighting
 * Level 0.1 Armour
 - Level 3.0 Dodging
 - Level 2.0 Stealth
 - Level 3.0 Spellcasting
 - Level 6.0 Ice Magic


You had 3 spell levels left.
You knew the following spells:

 Your Spells              Type           Power      Damage    Failure   Level
a - Freeze                Ice            84%        1d9       1%          1
o - Ozocubu's Armour      Ice            21%        N/A       4%          3
r - Frozen Ramparts       Ice            42%        1d7       4%          3

Your spell library contained the following spells:

 Spells                   Type           Power      Damage    Failure   Level
 Sandblast                Erth           4%         2d4       19%         1
 Passwall                 Tmut/Erth      1%         N/A       28%         2
 Stone Arrow              Conj/Erth      4%         3d7       50%         3
 Summon Ice Beast         Ice/Summ       12%        N/A       47%         4


Dungeon Overview and Level Annotations

Branches:
Dungeon (3/15)

Altars:
Dithmenos
Trog

Annotations:
D:3 Grinder


Innate Abilities, Weirdness & Mutations

You are amphibious.
You cover ground slowly.
You can hop short distances.
You have an extended range of vision and can be seen from far away.


Message History

You hit Grinder.
Grinder is lightly wounded.
Grinder completely resists.
The wall freezes Grinder but does no damage.
Grinder hits you.
You writhe in agony.
You hit Grinder.
Grinder is moderately wounded.
The wall freezes Grinder but does no damage.
Grinder hits you but does no damage.
You hit Grinder but do no damage.
Grinder is moderately wounded.
The wall freezes Grinder but does no damage.
Grinder hits you!
You writhe in agony.
The wall freezes Grinder but does no damage.
Grinder blinks!
The frozen ramparts melt away.
Grinder blinks!
Casting: Ozocubu's Armour (dangerous; 4% risk of failure)
Confirm with . or Enter, or press ? or * to list all spells.
Casting: Frozen Ramparts (dangerous; 4% risk of failure)
Press: ? - help, Dir - look around, f - activate The walls around you are covered in ice.
Grinder completely resists.
The wall freezes Grinder but does no damage.
Grinder says, "Are you a fish?"
Okay, then.
Okay, then.
Grinder resists.
The wall freezes Grinder.
You hit Grinder but do no damage.
Grinder is moderately wounded.
Grinder completely resists.
The wall freezes Grinder but does no damage.
Grinder gestures at you. Pain shoots through your body!
* * * LOW HITPOINT WARNING * * *
It was a potion of curing.
You feel better.
Grinder completely resists.
The wall freezes Grinder but does no damage.
Grinder hits you.
* * * LOW HITPOINT WARNING * * *
You writhe in agony.
You die...

##.###.##.#####.
#.......(.......
#..###.##.###### #..##.#
###+###'###+### #.#
#..#.......#..#
#.########..#.......#..####
###........5..+###'###+..+..#
...# #@.#.'...+.#..##.# #..#
###..#.#...#)#..#..# #..#
##.'##+.#._.#.'##'..# #..#
###..#..#.#...#.#..##.#
#..###....#..#.'..)'.#..##.#
#......##.'..'###'###+..'..#
#.#########..#.......#..#...
#.# #..#.......#..##.< #.#
###'###'###+####..


You could see Grinder.

Vanquished Creatures
  Natasha (twice) (D:3)
  An iguana (D:3)
  3 adders
  An orc (D:3)
  7 ball pythons
  3 endoplasms
  A giant cockroach (D:2)
  3 goblins
  7 hobgoblins
  6 kobolds
  5 frilled lizards
  6 rats
45 creatures vanquished.

Vanquished Creatures (others)
  A frilled lizard (D:3)
1 creature vanquished.

Grand Total: 46 creatures vanquished

Notes
Turn   | Place    | Note
-------+----------+-------------------------------------------
     0 | D:1      | avis the Barachi Ice Elementalist began the quest for the
                  | Orb.
     0 | D:1      | Reached XP level 1. HP: 13/13 MP: 3/3
    50 | D:1      | Reached skill level 1 in Fighting
   211 | D:1      | Reached XP level 2. HP: 21/22 MP: 3/5
   378 | D:1      | Reached skill level 5 in Ice Magic
   521 | D:1      | Found a faded altar of an unknown god.
   999 | D:2      | Reached XP level 3. HP: 8/27 MP: 0/7
  1066 | D:1      | Learned a level 3 spell: Frozen Ramparts
  1070 | D:1      | Learned a level 3 spell: Ozocubu's Armour
  1937 | D:3      | Found a bloodstained altar of Trog.
  2066 | D:3      | Found a shadowy altar of Dithmenos.
  2076 | D:3      | Reached skill level 6 in Ice Magic
  2076 | D:3      | Reached XP level 4. HP: 26/33 MP: 1/8
  2487 | D:3      | Noticed Natasha
  2491 | D:3      | Killed Natasha
  2492 | D:3      | Reached XP level 5. HP: 37/41 MP: 5/9
  2522 | D:3      | Noticed Natasha
  2526 | D:3      | Killed Natasha
  2573 | D:3      | Noticed Grinder
  2585 | D:3      | HP: 1/41 [Grinder/nerve-wracking pain (14)]
  2586 | D:3      | Slain by Grinder

Illustrated notes

Levels and vault maps discovered:
D:1:      enne_arrival_octagon_isle, layout_loops_ring,
          hellmonk_ecumenical_altar_heavens_door, minmay_tromino_v4_c
D:2:      layout_loops_ring
D:3:      layout_loops_ring, nicolae_dithmenos_the_darkroom, lemuel_tele_altar,
          mainiacjoe_overflow_24_doors, portal_sewer_entry_d,
          lemuel_flame_loot_1, uniq_jessica, uniq_natasha, uniq_grinder

Skill      XL: |  1  2  3  4  5 |
---------------+----------------+-----
Fighting       | 2 3 |  3.0
Ice Magic      | 5 6 |  6.0
Spellcasting   | 3 |  3.0
Stealth        | 2 |  2.0
Dodging        | 3 |  3.0
Armour         | |  0.1

Action                     |  1- 3 |  4- 6 || total
---------------------------+-------+-------++-------
  Melee: Unarmed           |     6 |       ||     6
         Short sword       |    10 |     3 ||    13
         Falchion          |       |    14 ||    14
   Cast: Freeze            |    58 |     4 ||    62
         Frozen Ramparts   |     3 |     8 ||    11
         Ozocubu's Armour  |       |     1 ||     1
    Use: Potion            |       |     1 ||     1
   Stab: Sleeping          |     1 |       ||     1
 Armour: Robe              |     3 |     4 ||     7
  Dodge: Dodged            |    40 |     7 ||    47
